Map: 16 бит РВ

Players

Murena

  • Race: Terran Terran
  • Spawn Location: 1:00

ИИ 1 (эксперт) - Winner!

  • Race: Terran Terran
  • Spawn Location: 7:00

VOD

Have the link to the VOD?

Description

Time

  • Played on: Aug. 13, 2019, 7:08 a.m.
  • Length: 8:32
Show
View Real Time Build Order
Export as new Build Order

Murena Terran 

Build Orders:  

Get SALT Encoding   

  12  0:01  SCV  
  13  0:13  SCV  
  14  0:21  Supply Depot  
  14  0:25  SCV  
  15  0:43  SCV, Barracks  
  15  0:48  Refinery  
  16  0:55  SCV  
  17  1:01  Supply Depot  
  17  1:07  SCV  
  18  1:16  Barracks  
  18  1:21  SCV  
  19  1:30  Marine  
  20  1:36  Orbital Command  
  20  1:48  Marine  
  21  1:57  Factory  
  21  2:03  SCV  
  21  2:04  Marine  
  23  2:09  Marine  
  23  2:15  Refinery  
  24  2:17  SCV  
  24  2:22  Marine  
  26  2:28  Marine  
  27  2:30  Supply Depot, SCV  
  28  2:40  Marine  
  29  2:46  SCV  
  29  2:47  Barracks, Marine  
  31  2:58  Marine  
  31  2:59  SCV  
  33  3:06  Marine  
  34  3:14  SCV  
  34  3:16  Marine  
  36  3:22  Command Center  
  36  3:25  Marine  
  37  3:29  SCV  
  38  3:34  Supply Depot  
  38  3:38  Marine  
  39  3:45  Starport  
  39  3:55  Starport  
  39  3:58  SCV  
  39  4:00  Marine  
  39  4:02  Marine  
  42  4:03  Barracks Tech Lab  
  42  4:05  Factory Tech Lab  
  42  4:10  SCV  
  42  4:16  Supply Depot  
  43  4:18  Barracks Tech Lab  
  43  4:22  Starport Tech Lab  
  43  4:24  Barracks Reactor  
  43  4:25  SCV  
  44  4:33  Starport Tech Lab  
  44  4:37  Orbital Command  
  44  4:41  SCV  
  45  4:46  Banshee  
  48  4:57  SCV  
  48  4:59  Armory  
  49  5:03  Fusion Core  
  49  5:04  SCV  
  50  5:09  Banshee  
  50  5:13  SCV  
  54  5:18  SCV  
  55  5:25  Engineering Bay  
  55  5:26  Marauder  
  55  5:28  SCV  
  58  5:30  Banshee  
  58  5:33  Cloaking Field  
  61  5:35  SCV  
  61  5:41  Supply Depot, SCV  
  63  5:44  Refinery  
  63  5:47  Refinery  
  63  5:48  SCV  
  64  5:52  Terran Infantry Weapons Level 1  
  64  5:54  SCV  
  64  5:56  Marine  
  66  5:57  Marine  
  66  5:58  Marine  
  66  6:01  Marauder  
  66  6:03  SCV  
  71  6:06  Missile Turret  
  71  6:08  SCV  
  72  6:13  Missile Turret  
  72  6:15  Banshee  
  75  6:22  Supply Depot, Banshee  
  78  6:42  Command Center  
  78  6:43  Engineering Bay  
  78  6:53  Factory  
  78  6:56  Factory  
  78  7:00  Banshee  
  81  7:01  SCV  
  81  7:02  SCV  
  81  7:07  Supply Depot  
  83  7:09  Banshee  
Show
View Real Time Build Order
Export as new Build Order

ИИ 1 (эксперт) Terran - Winner!

Build Orders:  

Get SALT Encoding   

  12  0:00  SCV  
  13  0:13  SCV  
  14  0:19  Supply Depot  
  14  0:25  SCV  
  15  0:41  SCV  
  16  0:43  Barracks  
  16  0:53  SCV  
  17  1:05  SCV  
  18  1:17  Supply Depot, SCV  
  19  1:22  Refinery  
  19  1:29  SCV  
  19  1:31  Marine  
  21  1:41  SCV  
  22  1:49  Marine  
  22  1:53  SCV, Barracks  
  24  1:57  Refinery  
  24  2:05  Supply Depot, Orbital Command  
  24  2:07  Marine  
  25  2:25  Marine  
  26  2:31  SCV  
  27  2:42  Marine  
  27  2:43  SCV  
  29  2:48  Command Center  
  29  3:04  SCV  
  29  3:05  Factory  
  30  3:07  Marine  
  30  3:10  Marine  
  32  3:16  SCV  
  33  3:25  Marine  
  34  3:28  SCV, Marine  
  36  3:39  Barracks  
  36  3:40  SCV  
  37  3:45  Barracks Tech Lab  
  37  3:47  Barracks Tech Lab  
  37  3:53  SCV  
  38  4:00  SCV, Starport, Factory Tech Lab  
  39  4:05  SCV  
  40  4:11  Marine  
  40  4:12  SCV  
  40  4:14  Marine  
  43  4:17  SCV  
  43  4:19  Stimpack  
  43  4:23  Combat Shield  
  45  4:24  SCV  
  45  4:29  SCV  
  45  4:30  Marine  
  45  4:31  Supply Depot  
  47  4:33  Marine  
  47  4:36  SCV  
  49  4:41  SCV  
  49  4:42  Medivac  
  49  4:45  Marine  
  52  4:48  Orbital Command  
  52  4:50  Marine  
  54  4:53  Marine  
  54  4:54  SCV  
  56  5:02  Supply Depot  
  56  5:07  SCV  
  57  5:09  Marauder  
  57  5:11  Marauder  
  61  5:30  Marauder  
  61  5:32  Supply Depot  
  61  5:33  Marauder  
  65  5:40  Engineering Bay  
  65  5:41  Barracks Reactor  
  65  5:45  Command Center  
  65  5:51  Marauder  
  67  5:59  Marauder  
  69  6:07  Terran Infantry Weapons Level 1  
  69  6:08  Supply Depot  
  69  6:12  Engineering Bay  
  69  6:13  Marauder  
  69  6:18  Medivac  
  73  6:20  Marauder  
  73  6:21  Concussive Shells  
  75  6:34  Marauder  
  75  6:36  Barracks  
  75  6:39  Supply Depot  
  77  6:42  Marauder  
  79  6:49  Starport Reactor  
  79  6:54  Marine  
  79  6:56  Marauder, Marine  
  79  6:58  SCV  
  84  7:16  Orbital Command, Marine  
  84  7:17  Marauder  
  84  7:18  Missile Turret  
  84  7:20  Missile Turret  
  84  7:21  Marine  
  88  7:25  Medivac  
  90  7:35  Command Center  
  90  7:38  Medivac  
  92  7:47  Marauder  
  92  7:50  Marauder  
  96  7:55  Viking  
  96  7:58  Supply Depot  
  98  8:03  Marine  
  94  8:07  Marine x2  
  94  8:08  Marauder  
  94  8:11  Marine  
Tags
 
Matchup
ТvТ
Spawn Locations
Cross Positions
Add a new tag
Caveats
  • Supply blocks, unpowered buildings, or Contaminate may cause inaccurate times.
  • Supply counts are checked every 10 seconds.